 Dungeon Crawl Stone Soup version 0.20.1-1-g8b1a95d (webtiles) character file.

174 esteth the Covert (level 5, -2/35 HPs)
             Began as a Vampire Enchanter on Oct 15, 2017.
             Killed from afar by aemxdp's ghost (8 damage)
             ... with a puff of flame
             ... in a sewer.
             The game lasted 00:06:02 (3124 turns).

esteth the Covert (Vampire Enchanter)               Turns: 3124, Time: 00:06:03

Health: -2/35      AC:  2    Str:  8    XL:     5   Next: 28%
Magic:  8/8        EV: 13    Int: 17    God:
Gold:   108        SH:  0    Dex: 15    Spells: 5/8 levels left

rFire    . . .     SeeInvis +   f - +1 dagger (drain)
rCold    + . .     Gourm    .   (no shield)
rNeg     + + .     Faith    .   b - +0 robe
rPois    +         Spirit   .   (no helmet)
rElec    .         Reflect  .   (no cloak)
rCorr    .         Harm     .   (no gloves)
MR       .....                  (no boots)
Stlth    +++++.....             (no amulet)
Regen    0.1/turn               (no ring)
MPRegen  0.2/turn               (no ring)

@: regenerating slowly
A: fangs 3, see invisible, unbreathing
a: Bat Form


You were in a sewer.
You were thirsty.

You visited 1 branch of the dungeon, and saw 3 of its levels.
You also visited: Sewer.

You collected 108 gold pieces.

Inventory:

Hand Weapons
 a - a +1 dagger
 f - a +1 dagger of draining (weapon)
Armour
 b - a +0 robe (worn)
Jewellery
 h - an uncursed ring of wizardry {unknown}
Scrolls
 g - 2 scrolls of remove curse {unknown}
 i - a scroll of noise {unknown}
 j - a scroll of fog {unknown}
 k - 2 scrolls of amnesia {unknown}
 m - 2 scrolls of immolation {unknown}
 o - 2 scrolls of identify {unknown}
Potions
 d - 13 potions of blood
 e - 2 potions of brilliance {unknown}
 l - a potion of heal wounds {unknown}
 n - a potion of resistance {unknown}
Books
 c - a book of Maledictions

   Spells                             Type                      Level
   a - Corona                         Hexes                        1
   b - Ensorcelled Hibernation        Hexes/Ice                    2
   c - Confuse                        Hexes                        3
   d - Tukima's Dance                 Hexes                        3
   e - Dazzling Spray                 Conjuration/Hexes            3


   Skills:
 - Level 1.1 Short Blades
 - Level 2.1 Dodging
 + Level 9.3 Stealth
 - Level 2.0 Spellcasting
 - Level 4.4 Hexes


You had 5 spell levels left.
You knew the following spells:

 Your Spells              Type           Power        Failure   Level  Hunger
a - Corona                Hex            ###....      3%          1    #......
b - Ensorcelled Hibernat  Hex/Ice        #.....       12%         2    ###....


Dungeon Overview and Level Annotations

Branches:
Dungeon (3/15)

Altars:

Annotations:
Sewer aemxdp's ghost, amateur DgFE


Innate Abilities, Weirdness & Mutations

You heal slowly.
You have razor-sharp teeth.
You have supernaturally acute eyesight. (SInv)
You can survive without breathing.


Message History

No target in view!
You start resting.
Aemxdp's ghost (amateur Demigod Fire Elementalist) comes into view.
You see here a stone.
Aemxdp's ghost turns its malevolent gaze towards you.
Casting: Ensorcelled Hibernation
Confirm with . or Enter, or press ? or * to list all spells.
You can't see any susceptible monsters within range! (Use Z to cast anyway.) Unknown command.
You hit aemxdp's ghost but do no damage.
Your bite misses aemxdp's ghost. Aemxdp's ghost hits you.
You closely miss aemxdp's ghost. Aemxdp's ghost hits you.
You closely miss aemxdp's ghost. Aemxdp's ghost casts a spell at you.
The puff of flame hits you!
* * * LOW HITPOINT WARNING * * *
Aemxdp's ghost shouts, "You must not fail where I succeeded!"
Aemxdp's ghost points at you and mumbles some strange words.
The puff of flame hits you!
You die...

##### ##)..## #..∩..#
#..∩..# #.....# ##...##
###.################
#............@(#..≈#≈≈≈
#≈≈≈.≈≈≈.≈.≈≈≈≈W(≈.≈≈≈≈
#≈≈≈≈≈≈≈≈≈≈≈≈≈≈#≈..#≈≈≈
#################.##
≈.# .# .# #


You could see aemxdp's ghost.

Vanquished Creatures
  Terence (D:2)
  A big kobold zombie (Sewer)
  4 adders
  A river rat (D:3)
  3 worms
  3 leopard geckos (D:3)
  A giant cockroach (D:2)
  12 goblins
  10 hobgoblins
  10 jackals (D:2)
  10 kobolds
  A quokka (D:2)
  A ball python (D:2)
  4 bats
  4 frilled lizards
  A rat (D:3)
67 creatures vanquished.

Notes
Turn   | Place    | Note
-------+----------+-------------------------------------------
     0 | D:1      | esteth the Vampire Enchanter began the quest for the Orb.
     0 | D:1      | Reached XP level 1. HP: 13/13 MP: 3/3
    62 | D:1      | Reached skill level 5 in Stealth
   292 | D:1      | Reached XP level 2. HP: 19/19 MP: 5/5
   575 | D:1      | Reached skill level 6 in Stealth
  1014 | D:2      | Noticed Terence
  1041 | D:2      | Killed Terence
  1041 | D:2      | Reached skill level 7 in Stealth
  1041 | D:2      | Reached XP level 3. HP: 13/24 MP: 6/6
  1142 | D:2      | Learned a level 2 spell: Ensorcelled Hibernation
  1515 | D:2      | Reached XP level 4. HP: 12/30 MP: 4/7
  2032 | D:2      | Reached skill level 8 in Stealth
  2915 | D:3      | Reached XP level 5. HP: 15/35 MP: 8/8
  3013 | D:3      | Reached skill level 9 in Stealth
  3025 | D:3      | Found a glowing drain.
  3029 | Sewer    | Entered a sewer
  3113 | Sewer    | Noticed aemxdp's ghost (amateur DgFE)
  3124 | Sewer    | Killed from afar by aemxdp's ghost

Skill      XL: |  1  2  3  4  5 |
---------------+----------------+-----
Stealth        | 5 7 8 9 |  9.3
Short Blades   | |  1.1
Dodging        | |  2.1
Spellcasting   | |  2.0
Hexes          | |  4.4

Action                   |  1- 3 |  4- 6 || total
-------------------------+-------+-------++-------
Melee: Dagger            |   107 |   143 ||   250
       Bite              |     9 |     8 ||    17
 Cast: Ensorcelled Hiber |     2 |       ||     2
  Use: Potion            |       |     4 ||     4
 Stab: Sleeping          |     9 |    11 ||    20
Armor: Robe              |    18 |    20 ||    38
Dodge: Dodged            |    58 |    69 ||   127
